 Dungeon Crawl Stone Soup version 0.17.0 (console) character file.

346 Kloppie the Chopper (level 6, -1/51 HPs)
             Began as a Minotaur Berserker on Nov 7, 2015.
             Was a Believer of Trog.
             Slain by Natasha (9 damage)
             ... on level 3 of the Dungeon.
             The game lasted 00:04:47 (1662 turns).

Kloppie the Chopper (Minotaur Berserker)            Turns: 1662, Time: 00:04:47

Health: -1/51      AC:  3    Str: 22    XL:     6   Next: 32%
Magic:  5/5        EV: 12    Int:  4    God:    Trog [**....]
Gold:   160        SH:  0    Dex: 11    Spells: 0 memorised, 5 levels left

rFire  . . .     SeeInvis .     a - +0 hand axe
rCold  . . .     Clarity  .     b - +0 animal skin
rNeg   . . .     SustAt   .     (no shield)
rPois  .         Gourm    .     (helmet restricted)
rElec  .         Spirit   .     o - +0 cloak
rCorr  .         Warding  .     (no gloves)
rMut   .         Stasis   .     (no boots)
MR     .....                    (no amulet)
Stlth  +.........               (no ring)
                                (no ring)

@: not resistant to hostile enchantments, very unstealthy
A: retaliatory headbutt, horns 2
a: Berserk, Trog's Hand, Burn Spellbooks, Renounce Religion


You were on level 3 of the Dungeon.
You worshipped Trog.
Trog was pleased with you.
You were not hungry.

You visited 1 branch of the dungeon, and saw 3 of its levels.

You collected 160 gold pieces.

Inventory:

Hand Weapons
 a - a +0 hand axe (weapon)
Armour
 b - a +0 animal skin (worn)
 o - a +0 cloak (worn)
Jewellery
 k - an uncursed amulet of resist mutation {unknown}
 p - an uncursed ring of flight {unknown}
Scrolls
 g - 4 scrolls of amnesia {unknown}
 i - a scroll of noise {unknown}
 l - 2 scrolls of identify {unknown}
 m - a scroll of enchant armour {unknown}
Potions
 e - a potion of haste {unknown}
 f - 2 potions of resistance {unknown}
 j - a potion of curing {unknown}
Comestibles
 c - 2 bread rations
 d - a slice of pizza
 h - 2 meat rations
 n - 3 chunks of flesh


   Skills:
 - Level 3.6 Fighting
 + Level 6.4 Axes
 + Level 6.1 Armour
 - Level 2.1 Dodging


You had 5 spell levels left.
You didn't know any spells.

Dungeon Overview and Level Annotations

Branches:
Dungeon (3/15)

Altars:
Vehumet

Annotations:
D:3 Natasha


Innate Abilities, Weirdness & Mutations

You reflexively headbutt those who attack you in melee.
You have a pair of horns on your head.


Message History

You headbutt the crimson imp!
You see here a goblin corpse.
You are too injured to fight recklessly!
You are too injured to fight recklessly!
You are too injured to fight recklessly!
You are too injured to fight recklessly!
You slash the crimson imp!
You kill the crimson imp!
You closely miss something. Something claws you!
* * * LOW HITPOINT WARNING * * *
You barely miss the goblin. You miss something.
Something claws you but does no damage. The goblin closely misses you.
You closely miss the goblin. You headbutt the goblin.
You kill the goblin!
Trog accepts your kill.
You hit something. Something claws you.
* * * LOW HITPOINT WARNING * * *
You see here a goblin corpse.
You miss something. Your headbutt misses something. Something claws you!
You die...

...##...........#
...##.............
...##...........###
...+..............
...###############
#..............#
#.############.#
#.# #..######.# ..#
#).†@.....# ###
#..######## .....#
####... ####


There were no monsters in sight!

Vanquished Creatures
  Sigmund (D:2)
  A scorpion (D:3)
  Crazy Yiuf (D:3)
  Jessica (D:3)
  Natasha (D:3)
  An adder (D:2)
  2 worms
  2 giant cockroaches
  7 goblins
  6 hobgoblins
  4 jackals (D:1)
  A ball python (D:3)
  5 bats (D:2)
  4 giant geckos
  4 giant newts (D:2)
  4 kobolds
  8 rats
53 creatures vanquished.

Notes
Turn   | Place    | Note
--------------------------------------------------------------
     0 | D:1      | Kloppie the Minotaur Berserker began the quest for the Orb.
     0 | D:1      | Reached XP level 1. HP: 19/19 MP: 0/0
   178 | D:1      | Reached XP level 2. HP: 26/26 MP: 1/1
   188 | D:1      | Reached skill level 4 in Axes
   674 | D:2      | Reached ** piety under Trog
   677 | D:2      | Reached XP level 3. HP: 29/31 MP: 2/2
   824 | D:2      | Noticed Sigmund
   842 | D:2      | Killed Sigmund
   842 | D:2      | Reached skill level 5 in Axes
   842 | D:2      | Reached skill level 5 in Armour
   842 | D:2      | Reached XP level 4. HP: 22/39 MP: 3/3
   842 | D:2      | Reached XP level 5. HP: 25/45 MP: 4/4
  1092 | D:3      | Reached skill level 6 in Axes
  1179 | D:3      | Noticed Crazy Yiuf
  1189 | D:3      | Killed Crazy Yiuf
  1189 | D:3      | Reached XP level 6. HP: 31/51 MP: 5/5
  1270 | D:3      | Found a radiant altar of Vehumet.
  1422 | D:3      | Noticed Natasha
  1435 | D:3      | Killed Natasha
  1529 | D:3      | Noticed Jessica
  1533 | D:3      | Killed Jessica
  1641 | D:3      | Noticed Natasha
  1662 | D:3      | Slain by Natasha

Action                   |  1- 3 |  4- 6 || total
-------------------------+-------+-------++-------
Melee: Hand axe          |    73 |    63 ||   136
Invok: Berserk           |     1 |       ||     1
 Stab: Invisible         |       |     1 ||     1
  Eat: Chunk             |       |     4 ||     4
